 Dungeon Crawl Stone Soup version 0.30-a0-141-g30f27751c5 (webtiles) character file.

Game seed: 8605824124258775483

102 qw the Chopper (level 4, -2/28 HPs)
             Began as a Gargoyle Fighter on Sept 25, 2022.
             Slain by a kobold brigand
             ... wielding a +2 dagger of draining
              (6 damage)
             ... in a sewer.
             The game lasted 00:00:58 (2699 turns).

qw the Chopper (Gargoyle Fighter)                   Turns: 2699, Time: 00:00:58

Health: -2/28      AC: 11    Str: 21    XL:     4   Next: 77%
Magic:  4/4        EV:  9    Int:  9    God:
Gold:   189        SH:  4    Dex:  9    Spells: 3/3 levels left

rFire   . . .      SeeInvis .    Y - +0 war axe
rCold   . . .      Faith    .    c - +0 buckler
rNeg    + . .      Spirit   .    b - +0 scale mail
rPois   inf        Reflect  .    f - +1 hat
rElec   +          Harm     .    (no cloak)
rCorr   .          Rampage  .    (no gloves)
Will    .....                    (no boots)
Stlth   ..........               (no amulet)
HPRegen 0.09/turn                (no ring)
MPRegen 0.09/turn                (no ring)

@: no status effects
A: sickness immunity, AC +3, negative energy resistance 1, electricity
resistance, torment resistance 1, petrification resistance
a: no special abilities


You were in a sewer.
You visited 1 branch of the dungeon, and saw 3 of its levels.
You also visited: Sewer.

You collected 189 gold pieces.


Innate Abilities, Weirdness & Mutations

You are immune to sickness and miasma.
Your stone body is resilient. (AC +3)
You are immune to poison.
You resist negative energy. (rN+)
You are resistant to electric shocks. (rElec)
You are resistant to unholy torment.
You are immune to petrification.


   Skills:
 - Level 3.2 Fighting
 + Level 4.3 Axes
 - Level 3.2 Armour
 - Level 3.2 Shields


You had 3 spell levels left.
You didn't know any spells.
Your spell library was empty.

Inventory:

Hand Weapons
 g - a +0 whip
 Y - a +0 war axe (weapon)
Armour
 b - a +0 scale mail (worn)
 c - a +0 buckler (worn)
 f - a +1 hat (worn)
Scrolls
 a - 2 scrolls of identify
Potions
 d - 2 potions of might
 h - a potion of cancellation
 j - a potion of curing

Dungeon Overview and Level Annotations

Branches:
Dungeon (3/15)              Sewer (1/1)

Altars:
Nemelex Xobeh

Shops:
D:2 (


Message History

You barely miss the kobold brigand.
The kobold brigand is moderately wounded.
The kobold brigand hits you but does no damage.
You slash the kobold brigand!
The kobold brigand is heavily wounded.
The kobold brigand hits you with a +2 dagger of draining.
The kobold brigand hits you with a +2 dagger of draining!
You closely miss the kobold brigand.
The kobold brigand is heavily wounded.
The kobold brigand closely misses you.
You hit the kobold brigand but do no damage.
The kobold brigand is heavily wounded.
The kobold brigand barely misses you.
You hit the kobold brigand.
The kobold brigand is severely wounded.
You block the kobold brigand's attack.
The kobold brigand hits you but does no damage.
You hit the kobold brigand.
The kobold brigand is severely wounded.
The kobold brigand hits you with a +2 dagger of draining.
You barely miss the kobold brigand.
The kobold brigand is severely wounded.
The kobold brigand hits you with a +2 dagger of draining!
The kobold brigand barely misses you.
You closely miss the kobold brigand.
The kobold brigand is severely wounded.
The kobold brigand hits you with a +2 dagger of draining.
You closely miss the kobold brigand.
The kobold brigand is severely wounded.
You block the kobold brigand's attack.
You barely miss the kobold brigand.
The kobold brigand is severely wounded.
The kobold brigand hits you with a +2 dagger of draining. x2
You barely miss the kobold brigand.
The kobold brigand is severely wounded.
The kobold brigand completely misses you.
You barely miss the kobold brigand.
The kobold brigand is severely wounded.
The kobold brigand hits you with a +2 dagger of draining.
You die...

~~~~~~~~~~
~~~~~~~~~~~~~~~~~#~
~~~~~~~~~~~~~~~~~~
~~~~~~~~~~~~~~~~~#
...~~~~~~~~~~~~~~# # #
....~~.~~~~~~~~~~# .#.!#
.........~~.~..~~#.....#
%...............@)....#
%...............K#.....#
##...............# .#..#
####......###..### # #
######...## #### .\#
##### ###


You could see a kobold brigand.

Vanquished Creatures
  3 adders
  A river rat (Sewer)
  A dart slug (D:2)
  3 bats
  5 endoplasms
  2 giant cockroaches (D:3)
  7 hobgoblins
  2 jackals (D:1)
  3 quokkas
  9 ball pythons
  4 frilled lizards
  4 goblins
  10 kobolds
  9 rats
63 creatures vanquished.

Notes
Turn   | Place    | Note
-------+----------+-------------------------------------------
     0 | D:1      | qw the Gargoyle Fighter began the quest for the Orb.
     0 | D:1      | Reached XP level 1. HP: 14/14 MP: 1/1
     0 | D:1      | 0 ||| qw: Version: 0.2-a-10-g399e6c4
     0 | D:1      | 0 ||| qw: Game counter: 249
     0 | D:1      | 0 ||| qw: Always use a shield: true
     0 | D:1      | 0 ||| qw: God list: Okawaru
     0 | D:1      | 0 ||| qw: Allow faded altars: false
     0 | D:1      | 0 ||| qw: Do Orc after D:15 true
     0 | D:1      | 0 ||| qw: Do second Lair branch before Depths: true
     0 | D:1      | 0 ||| qw: Lair rune preference: random
     0 | D:1      | 0 ||| qw: Plans: Normal, Zot:1-4, God:TSO, Crypt, Tomb,
                  | Pan, Slime:5, Hells, Abyss, Orb
     0 | D:1      | 0 ||| PLANNING D:1-11
    51 | D:1      | Reached skill level 2 in Axes
   126 | D:1      | Reached XP level 2. HP: 19/19 MP: 2/2
   726 | D:1      | Found a faded altar of an unknown god.
   917 | D:1      | Reached skill level 3 in Axes
   929 | D:1      | Reached XP level 3. HP: 20/23 MP: 3/3
  1311 | D:1      | 1311 ||| READING 2 scrolls labelled GOSCHU OMIFF.
  1312 | D:1      | 1312 ||| READING scroll labelled NEJIFOEN SOCZO.
  1313 | D:1      | 1313 ||| READING scroll labelled YRREDU IFYLAA.
  1314 | D:1      | 1314 ||| READING scroll labelled YDOASO SOZEE.
  1504 | D:2      | 1504 ||| Stepping ~*~*~tactically~*~*~ (stealth).
  1543 | D:2      | 1543 ||| Stepping ~*~*~tactically~*~*~ (stealth).
  1547 | D:2      | 1547 ||| Stepping ~*~*~tactically~*~*~ (stealth).
  1549 | D:2      | 1549 ||| Stepping ~*~*~tactically~*~*~ (hiding).
  1855 | D:2      | Found Ixzotso's Weapon Boutique.
  1864 | D:2      | 1864 ||| SHOPLISTING +7 war axe "Umaonobb" {speed, rC+
                  | Str+3} (855 gold, have 144).
  1957 | D:2      | Reached XP level 4. HP: 28/28 MP: 4/4
  2015 | D:2      | 2015 ||| UPGRADING to +1 hat.
  2020 | D:2      | 2020 ||| READING scroll labelled YHUFE IMEUNE.
  2021 | D:2      | 2021 ||| READING scroll labelled SALOECKIURU.
  2076 | D:2      | 2076 ||| READING 3 scrolls of identify.
  2076 | D:2      | 2076 ||| IDENTIFYING metallic silvery potion
  2077 | D:2      | 2077 ||| READING 2 scrolls of identify.
  2077 | D:2      | 2077 ||| IDENTIFYING green potion
  2098 | D:3      | 2098 ||| PLANNING SEWER
  2118 | D:3      | Found a glowing drain.
  2382 | D:3      | Found a sparkling altar of Nemelex Xobeh.
  2453 | D:3      | Reached skill level 4 in Axes
  2541 | Sewer    | Entered a sewer
  2679 | Sewer    | Noticed a kobold brigand
  2695 | Sewer    | HP: 7/28 [kobold brigand/+2 dagger of draining (4)]
  2699 | Sewer    | Slain by a kobold brigand

Levels and vault maps discovered:
D:1:      elethiomel_arrival_diamonds, layout_basic,
          hellmonk_ecumenical_altar_dog_temple, minivault_27, minmay_cut_off
D:2:      layout_rooms, serial_shops, nicolae_shop_bloodbath_and_beyond
D:3:      cheibrodos_helix_gallery, layout_loops_ring,
          mainiacjoe_overflow_alcove_4, grunt_dithmenos_smoke_and_mirrors,
          lemuel_round_altar, nicolae_vehumet_radiance, gup_sewer_entry_glass,
          uniq_robin
Sewer:    sewer_minmay_treatment

Skill      XL: |  1  2  3  4 |
---------------+-------------+-----
Axes           | 2 3 4 |  4.3
Fighting       | |  3.2
Armour         | |  3.2
Shields        | |  3.2

Action                   |  1- 3 |  4- 6 || total
-------------------------+-------+-------++-------
Melee: War axe           |    97 |    92 ||   189
  Use: Scroll            |     4 |     4 ||     8
Armor: Scale mail        |    39 |    56 ||    95
Dodge: Dodged            |    47 |    41 ||    88
Block: Buckler           |    10 |    24 ||    34

Table legend:
 A = Non-vault XP
 B = Vault XP
 C = Vault XP percentage of total XP
 D = Non-vault monster count
 E = Vault monster count
 F = Vault count percentage of total count
                 A         B        C        D         E       F
            +---------+---------+-------+---------+---------+-------
      Total |      78 |      68 |  46.6 |      40 |      23 |  36.5
            +---------+---------+-------+---------+---------+-------
        D:1 |      23 |      18 |  43.9 |      13 |      12 |  48.0
        D:2 |      43 |       0 |   0.0 |      18 |       0 |   0.0
        D:3 |      12 |      32 |  72.7 |       9 |       6 |  40.0
      Sewer |       0 |      18 | 100.0 |       0 |       5 | 100.0
            +---------+---------+-------+---------+---------+-------
